cohdb
Replays
Latest Replays
All Replays
Popular Replays
Top Player Replays
Match Explorer
How It Works
Community
CoH3 Stats
Reddit
Sign in to upload your games and track your stats! →
Sign in with Steam
Match 40138129
Unlisted
Match 40138129
Overview
Messages
Build Orders
End
Construct Infanterie Kompanie
Selects Terror Battlegroup
Selects Machine Gun Camouflage
Grenadier Squad
MG 42 Machine Gun Team
Grenadier Squad
MG 42 Machine Gun Team
Grenadier Squad
Infanterie Officer Quarters
Construct Panzergrenadier Kompanie
Support Elements
Selects Defend the Fatherland
Defend the Fatherland
StuG III G Assault Gun
Pak 40 Anti-tank Gun Team
Nebelwerfer 42 Rocket Launcher Team
StuG III G Assault Gun
Defend the Fatherland
boevikove
Burzhui™
[GG]Onkel Stonkel
[GG]Quiq
0
0
Comments
sign in to comment!
No comments posted yet!